 Dungeon Crawl Stone Soup version 0.32-a0-898-g7811c86cf0 (webtiles) character file.

Game seed: 12485556767514058618

52 GiantSquids the Chopper (level 3, 0/31 HPs)
             Began as a Mountain Dwarf Fighter on Apr 5, 2024.
             Killed from afar by Natasha (2 damage)
             ... with a magic dart
             ... on level 2 of the Dungeon.
             The game lasted 00:01:25 (1186 turns).

GiantSquids the Chopper (Mountain Dwarf Fighter)    Turns: 1186, Time: 00:01:25

Health: 0/31       AC:  6    Str: 20    XL:     3   Next: 60%
Magic:  3/3        EV:  8    Int:  8    God:
Gold:   81         SH:  4    Dex:  9    Spells: 2/2 levels left

rFire   . . .        a - +0 war axe
rCold   . . .        c - +0 buckler
rNeg    . . .        b - +0 scale mail
rPois   .            (no helmet)
rElec   .            (no cloak)
rCorr   .            (no gloves)
SInv    .            (no boots)
Will    .....        (no amulet) Stlth
                     (no ring)
HPRegen 0.25/turn    (no ring)
MPRegen 0.08/turn

%: no passive effects
@: mighty
A: runic magic, artefact enchanting
a: no special abilities


You were on level 2 of the Dungeon.
You visited 1 branch of the dungeon, and saw 2 of its levels.

You collected 81 gold pieces.

Inventory:

Hand Weapons
 a - a +0 war axe (weapon)
Missiles
 k - 17 stones (quivered)
Armour
 b - a +0 scale mail (worn)
 c - a +0 buckler (worn)
 j - a +0 cloak
Scrolls
 e - 2 scrolls of teleportation {unknown}
 g - 2 scrolls of noise {unknown}
 h - a scroll of immolation {unknown}
 i - 3 scrolls of identify {unknown}
Potions
 f - a potion of magic {unknown}


   Skills:
 - Level 3.2 Fighting
 + Level 4.9 Axes
 - Level 3.2 Armour
 - Level 3.2 Shields


You had 2 spell levels left.
You didn't know any spells.
Your spell library was empty.

Dungeon Overview and Level Annotations

Branches:
Dungeon (2/15)

Altars:

Annotations:
D:2 Natasha


Innate Abilities, Weirdness & Mutations

Your spellcasting is much less encumbered by armour.
You can use scrolls of enchantment on lesser artefacts.


Message History

You kill the endoplasm!
There is a stone staircase leading down here.
Found an escape hatch in the floor.
g - 2 scrolls labelled XOREIB TUPLYIQ (gained 1)
There is an escape hatch in the floor here.
Natasha, Servant of Life and Death comes into view.
She is carrying a wand of flame.
Found a stone staircase leading down.
Natasha hisses angrily.
Natasha zaps a wand.
The puff of flame hits you!
An adder comes into view. x2
You see here 2 scrolls labelled WOLIF LOIDEH.
Found a scroll labelled AQOWAO HIUHOLI.
The adder hisses angrily.
Natasha mumbles some strange words.
You feel disoriented. You block Natasha's attack.
You see here 9 gold pieces.
You barely miss Natasha. Natasha claws you.
You closely miss Natasha. Natasha claws you.
You hit Natasha but do no damage. Natasha claws you!
You closely miss Natasha. Natasha closely misses you.
Natasha claws you but does no damage.
You barely miss Natasha.
Natasha stares at you and mumbles some strange words.
You resist with some effort.
You closely miss Natasha. You block Natasha's attack.
You feel very mighty all of a sudden. Natasha casts a spell at you.
The magic dart hits you.
* * * LOW HITPOINT WARNING * * *
You barely miss Natasha. You block Natasha's attack.
Natasha hisses.
Natasha zaps a wand.
The puff of flame hits you!
* * * LOW HITPOINT WARNING * * *
You slash Natasha!
Natasha is almost dead.
Natasha casts a spell at you. The magic dart hits you.
You die...
Natasha curls up and begins to purr.

#.##.# #.##.#
#.##.# #.##.#
#.##.# #..#.#
#>.#
#..#######..##
#...?.@hSS..?.
#.#...######.##
♣.......!.
PP....##....#
♣♣P#.... ....#
♣♣###.# ....#
... ...... ###
###..>


You could see Natasha and 2 adders.

Vanquished Creatures
  2 ribbon worms (D:2)
  2 dart slugs
  A ball python (D:1)
  An endoplasm (D:2)
  3 giant cockroaches (D:1)
  6 goblins
  5 hobgoblins
  4 jackals (D:1)
  2 quokkas (D:1)
  3 bats (D:1)
  A frilled lizard (D:1)
  4 kobolds (D:1)
  2 rats (D:1)
36 creatures vanquished.

Notes
Turn   | Place    | Note
-------+----------+-------------------------------------------
     0 | D:1      | GiantSquids the Mountain Dwarf Fighter began the quest for
                  | the Orb.
     0 | D:1      | Reached XP level 1. HP: 19/19 MP: 1/1
    69 | D:1      | Reached skill level 3 in Axes
    74 | D:1      | Reached XP level 2. HP: 26/26 MP: 2/2
   385 | D:1      | Reached skill level 4 in Axes
   589 | D:1      | You fall into a shaft and drop 1 floor!
   619 | D:2      | Reached XP level 3. HP: 30/31 MP: 3/3
  1174 | D:2      | Noticed Natasha
  1186 | D:2      | Killed from afar by Natasha

Illustrated notes

Levels and vault maps discovered:
D:1:      minmay_arrival_up_and_down, layout_basic
D:2:      layout_basic, uniq_natasha, uniq_crazy_yiuf_cottage

Skill      XL: |  1  2 |
---------------+-------+-----
Axes           | 3 4 |  4.9
Fighting       | |  3.2
Armour         | |  3.2
Shields        | |  3.2

Action                     || total
---------------------------++-------
  Melee: War axe           ||   119
    Use: Potion            ||     1
 Armour: Scale mail        ||   105
  Dodge: Dodged            ||    43
  Block: Buckler           ||    25

Table legend: (Time is in decaauts)
 A = Elapsed time spent in this place.
 B = Non-inter-level travel time spent in this place.
 C = Inter-level travel time spent in this place.
 D = Time resting spent in this place.
 E = Time spent auto-exploring this place.
 F = Levels seen in this place.
 G = Mean time per level.
                   A        B        C        D        E       F      G
               +--------+--------+--------+--------+--------+-----+--------+
         Total |   1224 |   1159 |     65 |      0 |    906 |   2 |  612.0 |
       Dungeon |   1224 |   1159 |     65 |      0 |    906 |   2 |  612.0 |
               +--------+--------+--------+--------+--------+-----+--------+

Top non-repeatable levels by time:
     D:1: 928 daAuts
     D:2: 296 daAuts
